SL
NEW JERSEY FENIX @ NEW ORLEANS VOODOO
06/15/2034
 
TOP OF THE 1ST
New Jersey Fenix batting - Pitching for New Orleans Voodoo : RHP Rémi Ribeiro
Pitching: RHP Rémi Ribeiro
Batting: LHB Alexis Raimbault 0-0: Ball
1-0: Fly out, F6 (Line Drive, 6)
Batting: SHB Shiki Sanu 0-0: Swinging Strike
0-1: Swinging Strike
0-2: Foul Ball, location: 2F
0-2: Ground out 1-3 (Groundball, P)
Batting: LHB Javier Sánchez 0-0: Ball
1-0: Ground out 6-3 (Groundball, 4)
Top of the 1st over - 0 runs, 0 hits, 0 errors, 0 left on base; New Jersey 0 - New Orleans 0
BOTTOM OF THE 1ST
New Orleans Voodoo batting - Pitching for New Jersey Fenix : RHP Paul Dudding
Pitching: RHP Paul Dudding
Batting: RHB Tony Ayala 0-0: Fly out, F4 (Line Drive, 4)
Batting: RHB Claudio Tappen 0-0: Fly out, F8 (Flyball, 8LS)
Batting: RHB Gilberto Juárez 0-0: Foul Ball, location: 2F
0-1: Ball
1-1: Swinging Strike
1-2: SINGLE (Groundball, 34D)
Batting: LHB Chris McKinney 0-0: Ball
1-0: Ball
2-0: Swinging Strike
2-1: Swinging Strike
2-2: Strikes out swinging
Bottom of the 1st over - 0 runs, 1 hit, 0 errors, 1 left on base; New Jersey 0 - New Orleans 0
TOP OF THE 2ND
New Jersey Fenix batting - Pitching for New Orleans Voodoo : RHP Rémi Ribeiro
Batting: LHB Pedro Gutiérrez 0-0: Called Strike
0-1: Ball
1-1: Foul Ball, location: 2F
1-2: Fly out, F9 (Flyball, 9LM)
Batting: LHB Josh Platt 0-0: SINGLE (Groundball, 4MD)
Batting: RHB José Carlos Pérez 0-0: Ball
1-0: Ball
2-0: Called Strike
2-1: Grounds into double play, 6-4-3 (Groundball, 6)
Top of the 2nd over - 0 runs, 1 hit, 0 errors, 0 left on base; New Jersey 0 - New Orleans 0
BOTTOM OF THE 2ND
New Orleans Voodoo batting - Pitching for New Jersey Fenix : RHP Paul Dudding
Batting: RHB Griffin Woodfinlevine 0-0: Ball
1-0: Ball
2-0: Ground out 5-3 (Groundball, 5)
Batting: RHB Eikki Kankaanperä 0-0: Ground out 6-3 (Groundball, 56)
Batting: RHB Orlando Velásquez 0-0: Ball
1-0: Called Strike
1-1: Ball
2-1: Swinging Strike
2-2: Ball
3-2: Base on Balls
Batting: RHB Sergio Vásquez 0-0: Ball
1-0: Ball
2-0: Called Strike
2-1: Ball
3-1: SINGLE (Line Drive, 7S)
Orlando Velásquez to second
Batting: RHB Colm Goodwill 0-0: Called Strike
0-1: Ball
1-1: Foul Ball, location: 2F
1-2: 3-RUN HOME RUN (Flyball, 9D), Distance : 346 ft
Batting: RHB Tony Ayala 0-0: SINGLE (Groundball, 34D)
Batting: RHB Claudio Tappen 0-0: Called Strike
Tony Ayala is caught stealing 2nd base
Bottom of the 2nd over - 3 runs, 3 hits, 0 errors, 0 left on base; New Jersey 0 - New Orleans 3
TOP OF THE 3RD
New Jersey Fenix batting - Pitching for New Orleans Voodoo : RHP Rémi Ribeiro
Batting: RHB Norman Winston 0-0: Ball
1-0: Called Strike
1-1: Ball
2-1: Called Strike
2-2: Strikes out swinging
Batting: LHB Yin-reng Hsueh 0-0: Ground out 6-3 (Groundball, 6)
Batting: LHB Elian Gonzalez 0-0: Foul Ball, location: 2F
0-1: Ball
1-1: Ball
2-1: Called Strike
2-2: Foul Ball, location: 2F
2-2: Strikes out swinging
Top of the 3rd over - 0 runs, 0 hits, 0 errors, 0 left on base; New Jersey 0 - New Orleans 3
BOTTOM OF THE 3RD
New Orleans Voodoo batting - Pitching for New Jersey Fenix : RHP Paul Dudding
Batting: RHB Claudio Tappen 0-0: Ball
1-0: Ball
2-0: Ball
3-0: Called Strike
3-1: Base on Balls
Batting: RHB Gilberto Juárez 0-0: Ball
1-0: Fly out, F5 (Flyball, 5D)
Batting: LHB Chris McKinney 0-0: Called Strike
0-1: Ball
1-1: Ball
2-1: Foul Ball, location: 2F
2-2: Ball
3-2: Base on Balls
Claudio Tappen to second
Batting: RHB Griffin Woodfinlevine 0-0: Called Strike
Claudio Tappen steals 3rd base
0-1: Swinging Strike
0-2: Ball
1-2: Grounds into double play, 6-4-3 (Groundball, 6)
Bottom of the 3rd over - 0 runs, 0 hits, 0 errors, 1 left on base; New Jersey 0 - New Orleans 3
TOP OF THE 4TH
New Jersey Fenix batting - Pitching for New Orleans Voodoo : RHP Rémi Ribeiro
Batting: LHB Alexis Raimbault 0-0: DOUBLE (Flyball, 89D)
Batting: SHB Shiki Sanu 0-0: Foul Ball, location: 2F
0-1: SINGLE (Groundball, 34D)
Alexis Raimbault to third
Runner from 3rd tries for Home, SAFE, no throw
Batting: LHB Javier Sánchez 0-0: Swinging Strike
0-1: Foul Ball, location: 2F
0-2: Foul Ball, location: 2F
0-2: Grounds into double play, 5-4-3 (Groundball, 5)
Batting: LHB Pedro Gutiérrez 0-0: Ball
1-0: Fly out, F8 (Flyball, 8LD)
Top of the 4th over - 1 run, 2 hits, 0 errors, 0 left on base; New Jersey 1 - New Orleans 3
BOTTOM OF THE 4TH
New Orleans Voodoo batting - Pitching for New Jersey Fenix : RHP Paul Dudding
Batting: RHB Eikki Kankaanperä 0-0: Called Strike
0-1: Ground out 6-3 (Groundball, 6)
Batting: RHB Orlando Velásquez 0-0: Ball
1-0: Ball
2-0: Swinging Strike
2-1: Ball
3-1: Base on Balls
Batting: RHB Sergio Vásquez 0-0: Called Strike
0-1: Fly out, F9 (Flyball, 89M)
Batting: RHB Colm Goodwill 0-0: Ball
1-0: Called Strike
1-1: Called Strike
1-2: Ball
2-2: Foul Ball, location: 2F
2-2: Foul Ball, location: 2F
2-2: Fly out, F8 (Flyball, 78D)
Bottom of the 4th over - 0 runs, 0 hits, 0 errors, 1 left on base; New Jersey 1 - New Orleans 3
TOP OF THE 5TH
New Jersey Fenix batting - Pitching for New Orleans Voodoo : RHP Rémi Ribeiro
Batting: LHB Josh Platt 0-0: Called Strike
0-1: Ball
1-1: Ball
2-1: Foul Ball, location: 2F
2-2: Fly out, F7 (Flyball, 7S)
Batting: RHB José Carlos Pérez 0-0: Called Strike
0-1: Ball
1-1: Foul Ball, location: 2F
1-2: Ball
2-2: Strikes out swinging
Batting: RHB Norman Winston 0-0: Swinging Strike
0-1: Foul Ball, location: 2F
0-2: Ball
1-2: Ground out U3 (Groundball, 3S)
Top of the 5th over - 0 runs, 0 hits, 0 errors, 0 left on base; New Jersey 1 - New Orleans 3
BOTTOM OF THE 5TH
New Orleans Voodoo batting - Pitching for New Jersey Fenix : RHP Paul Dudding
Batting: RHB Tony Ayala 0-0: Fly out, F9 (Flyball, 9S)
Batting: RHB Claudio Tappen 0-0: Ball
1-0: Foul Ball, location: 2F
1-1: Ball
2-1: Swinging Strike
2-2: Strikes out swinging
Batting: RHB Gilberto Juárez 0-0: Ground out 5-3 (Groundball, 56)
Bottom of the 5th over - 0 runs, 0 hits, 0 errors, 0 left on base; New Jersey 1 - New Orleans 3
TOP OF THE 6TH
New Jersey Fenix batting - Pitching for New Orleans Voodoo : RHP Rémi Ribeiro
Batting: LHB Yin-reng Hsueh 0-0: Called Strike
0-1: Called Strike
0-2: Strikes out looking
Batting: LHB Elian Gonzalez 0-0: Ball
1-0: Ball
2-0: Reached via error on a dropped throw, E3
Batting: LHB Alexis Raimbault 0-0: Foul Ball, location: 2F
0-1: Swinging Strike
0-2: Foul Ball, location: 2F
0-2: Ball
1-2: Foul Ball, location: 2F
1-2: Ball
2-2: Ball
3-2: Foul Ball, location: 2F
3-2: Fly out, F8 (Flyball, 8LS)
Batting: SHB Shiki Sanu 0-0: Ball
1-0: Ball
2-0: Swinging Strike
2-1: Ball
3-1: Base on Balls
Elian Gonzalez to second
Batting: LHB Javier Sánchez 0-0: Ball
1-0: Called Strike
1-1: Swinging Strike
1-2: Foul Ball, location: 2F
1-2: SINGLE (Line Drive, 9S)
Elian Gonzalez to third
Shiki Sanu to second
Runner from 3rd tries for Home, SAFE, no throw
Batting: LHB Pedro Gutiérrez 0-0: Fly out, F5 (Line Drive, 56D)
Top of the 6th over - 1 run, 1 hit, 1 error, 2 left on base; New Jersey 2 - New Orleans 3
BOTTOM OF THE 6TH
New Orleans Voodoo batting - Pitching for New Jersey Fenix : RHP Paul Dudding
Batting: LHB Chris McKinney 0-0: Ball
1-0: Ball
2-0: Ball
3-0: Called Strike
3-1: Base on Balls
Batting: RHB Griffin Woodfinlevine 0-0: Ball
1-0: Called Strike
1-1: Ball
2-1: Ball
3-1: Fly out, F9 (Flyball, 9S)
Batting: RHB Eikki Kankaanperä 0-0: Called Strike
0-1: Swinging Strike
0-2: Ball
1-2: Fielders Choice at 2nd, 1-6 (Groundball, 13)
Batting: RHB Orlando Velásquez 0-0: Ball
Eikki Kankaanperä is caught stealing 2nd base
Bottom of the 6th over - 0 runs, 0 hits, 0 errors, 0 left on base; New Jersey 2 - New Orleans 3
TOP OF THE 7TH
New Jersey Fenix batting - Pitching for New Orleans Voodoo : RHP Rémi Ribeiro
Batting: LHB Josh Platt 0-0: Foul Ball, location: 2F
0-1: Called Strike
0-2: Ball
1-2: Ball
2-2: Foul Ball, location: 2F
2-2: Ball
3-2: Ground out 6-3 (Groundball, 56D)
Batting: RHB José Carlos Pérez 0-0: Ball
1-0: Ball
2-0: Called Strike
2-1: SINGLE (Line Drive, 8RS)
Batting: RHB Norman Winston 0-0: Called Strike
0-1: Foul Ball, location: 2F
0-2: Ball
1-2: Ground out 5-3 (Groundball, 56S)
José Carlos Pérez to second
Batting: LHB Yin-reng Hsueh 0-0: Ball
1-0: Ball
2-0: Ball
3-0: Called Strike
3-1: Base on Balls
Batting: LHB Elian Gonzalez 0-0: Fly out, F8 (Line Drive, 8RM)
Top of the 7th over - 0 runs, 1 hit, 0 errors, 2 left on base; New Jersey 2 - New Orleans 3
BOTTOM OF THE 7TH
New Orleans Voodoo batting - Pitching for New Jersey Fenix : RHP Paul Dudding
Batting: RHB Orlando Velásquez 0-0: Ball
1-0: Foul Ball, location: 2F
1-1: Ball
2-1: Foul Ball, location: 2F
2-2: Strikes out looking
Batting: RHB Sergio Vásquez 0-0: Called Strike
0-1: Called Strike
0-2: Ball
1-2: Strikes out swinging
Batting: RHB Colm Goodwill 0-0: Called Strike
0-1: Ball
1-1: Ground out 6-3 (Groundball, 6)
Bottom of the 7th over - 0 runs, 0 hits, 0 errors, 0 left on base; New Jersey 2 - New Orleans 3
TOP OF THE 8TH
New Jersey Fenix batting - Pitching for New Orleans Voodoo : RHP Rémi Ribeiro
Batting: LHB Alexis Raimbault 0-0: Ball
1-0: Ball
2-0: SINGLE (Groundball, 4S) (infield hit)
Pitching: RHP Mark Valle
Batting: SHB Shiki Sanu 0-0: Ball
1-0: Called Strike
1-1: Called Strike
1-2: Ball
2-2: Foul Ball, location: 2F
2-2: Ball
3-2: Foul Ball, location: 2F
3-2: Strikes out swinging
Batting: LHB Javier Sánchez 0-0: Ball
1-0: Foul Ball, location: 2F
1-1: Ball
2-1: Swinging Strike
2-2: Strikes out swinging
Batting: LHB Pedro Gutiérrez 0-0: Ball
1-0: Ball
2-0: Fly out, F9 (Flyball, 9S)
Top of the 8th over - 0 runs, 1 hit, 0 errors, 1 left on base; New Jersey 2 - New Orleans 3
BOTTOM OF THE 8TH
New Orleans Voodoo batting - Pitching for New Jersey Fenix : RHP Paul Dudding
Batting: RHB Tony Ayala 0-0: Ball
1-0: Ground out 5-3 (Groundball, 56S)
Batting: RHB Claudio Tappen 0-0: Fly out, F8 (Flyball, 8LS)
Batting: RHB Gilberto Juárez 0-0: Called Strike
0-1: Ball
1-1: Called Strike
1-2: Ball
2-2: Ball
3-2: Base on Balls
Pitching: RHP Markus Visser
Batting: LHB Chris McKinney 0-0: Ball
Gilberto Juárez steals 2nd base
1-0: Ground out 3-1 (Groundball, 34)
Bottom of the 8th over - 0 runs, 0 hits, 0 errors, 1 left on base; New Jersey 2 - New Orleans 3
TOP OF THE 9TH
New Jersey Fenix batting - Pitching for New Orleans Voodoo : RHP Mark Valle
Batting: LHB Josh Platt 0-0: Called Strike
0-1: Called Strike
0-2: Foul Ball, location: 2F
0-2: Strikes out swinging
Batting: RHB José Carlos Pérez 0-0: Ball
1-0: Ball
2-0: Called Strike
2-1: Swinging Strike
2-2: Foul Ball, location: 2F
2-2: SOLO HOME RUN (Flyball, 78XD), Distance : 380 ft
Batting: RHB Norman Winston 0-0: Foul Ball, location: 2F
0-1: Ball
1-1: Ground out 6-3 (Groundball, 6)
Batting: LHB Yin-reng Hsueh 0-0: Called Strike
0-1: Called Strike
0-2: Foul Ball, location: 2F
0-2: Strikes out swinging
Top of the 9th over - 1 run, 1 hit, 0 errors, 0 left on base; New Jersey 3 - New Orleans 3
BOTTOM OF THE 9TH
New Orleans Voodoo batting - Pitching for New Jersey Fenix : RHP Markus Visser
Batting: RHB Griffin Woodfinlevine 0-0: Fly out, F7 (Flyball, 78S)
Batting: RHB Eikki Kankaanperä 0-0: Called Strike
0-1: Ball
1-1: Swinging Strike
1-2: Ball
2-2: Fly out, F3 (Flyball, 34D)
Batting: RHB Orlando Velásquez 0-0: Called Strike
0-1: Called Strike
0-2: Ball
1-2: Ball
2-2: Strikes out swinging
Bottom of the 9th over - 0 runs, 0 hits, 0 errors, 0 left on base; New Jersey 3 - New Orleans 3
TOP OF THE 10TH
New Jersey Fenix batting - Pitching for New Orleans Voodoo : RHP Mark Valle
Pitching: RHP Grover Lowdermilk
Batting: LHB Elian Gonzalez 0-0: Ball
1-0: Ball
2-0: Called Strike
2-1: Foul Ball, location: 2F
2-2: SINGLE (Line Drive, 8LS)
Batting: LHB Alexis Raimbault 0-0: Called Strike
0-1: Foul Ball, location: 2F
0-2: Ball
1-2: SINGLE (Groundball, 34) (infield hit)
Elian Gonzalez to second
Batting: SHB Shiki Sanu 0-0: Called Strike
0-1: Foul Ball, location: 2F
0-2: Ball
1-2: Grounds into double play, 4-6-3 (Groundball, 4)
Elian Gonzalez to third
Batting: LHB Javier Sánchez 0-0: Ball
1-0: Foul Ball, location: 2F
1-1: Called Strike
1-2: Foul Ball, location: 2F
1-2: Ground out 4-3 (Groundball, 4D)
Top of the 10th over - 0 runs, 2 hits, 0 errors, 1 left on base; New Jersey 3 - New Orleans 3
BOTTOM OF THE 10TH
New Orleans Voodoo batting - Pitching for New Jersey Fenix : RHP Markus Visser
Pitching: RHP Nam Yee Yong
Batting: RHB Sergio Vásquez 0-0: Ball
1-0: Called Strike
1-1: Foul Ball, location: 2F
1-2: Ball
2-2: Fly out, F8 (Flyball, 8LM)
Batting: RHB Colm Goodwill 0-0: Ball
1-0: Foul Ball, location: 2F
1-1: Ball
2-1: Ball
3-1: Base on Balls
Pinch Hitting: RHB Noah Bushby 0-0: Fly out, F9 (Flyball, 9D)
Batting: RHB Claudio Tappen 0-0: Foul Ball, location: 2F
0-1: Ball
1-1: Ground out 5-3 (Groundball, 56S)
Bottom of the 10th over - 0 runs, 0 hits, 0 errors, 1 left on base; New Jersey 3 - New Orleans 3
TOP OF THE 11TH
New Jersey Fenix batting - Pitching for New Orleans Voodoo : RHP Grover Lowdermilk
Now at 2B: Noah Bushby
Batting: LHB Pedro Gutiérrez 0-0: Ball
1-0: Ball
2-0: Ball
3-0: Base on Balls
Batting: LHB Josh Platt 0-0: Called Strike
0-1: Foul Ball, location: 2F
0-2: Ball
1-2: Ball
Wild Pitch!
Pedro Gutiérrez to second
2-2: Ball
3-2: Foul Ball, location: 2F
3-2: Fly out, F7 (Flyball, 78D)
Batting: RHB José Carlos Pérez 0-0: Called Strike
0-1: Foul Ball, location: 2F
0-2: Foul Ball, location: 2F
0-2: Fly out, F7 (Flyball, 7LSF)
Batting: RHB Norman Winston 0-0: Called Strike
0-1: Ball
1-1: Ball
2-1: Foul Ball, location: 2F
2-2: 2-RUN HOME RUN (Flyball, 9LD), Distance : 330 ft
Batting: LHB Yin-reng Hsueh 0-0: Ball
1-0: Ball
2-0: Ground out 5-3 (Groundball, 56)
Top of the 11th over - 2 runs, 1 hit, 0 errors, 0 left on base; New Jersey 5 - New Orleans 3
BOTTOM OF THE 11TH
New Orleans Voodoo batting - Pitching for New Jersey Fenix : RHP Nam Yee Yong
Now at 2B: Roberto Valle
Now in RF: Jesús Román
Batting: RHB Gilberto Juárez 0-0: Called Strike
0-1: Swinging Strike
0-2: Strikes out looking
Batting: LHB Chris McKinney 0-0: Swinging Strike
0-1: SOLO HOME RUN (Flyball, 9LD), Distance : 338 ft
Batting: RHB Griffin Woodfinlevine 0-0: Ball
1-0: Fly out, F8 (Flyball, 78D)
Batting: RHB Eikki Kankaanperä 0-0: Ground out 6-3 (Groundball, 6)
Bottom of the 11th over - 1 run, 1 hit, 0 errors, 0 left on base; New Jersey 5 - New Orleans 4
Friday, March 29th, 2019 - OOTP Baseball 18.8 Build 76